Map: Efemeryda ER

Players

alsteR

  • Race: Terran Terran
  • Spawn Location: 11:00

Legol - Winner!

  • Race: Protoss Protoss
  • League: Gold
  • Spawn Location: 5:00

VOD

Have the link to the VOD?

Description

Time

  • Played on: Jan. 8, 2020, 2:10 p.m.
  • Length: 13:36
Show
View Real Time Build Order
Export as new Build Order

alsteR Terran 

Build Orders: Reaper Expand 

Get SALT Encoding   

  12  0:00  SCV  
  13  0:12  SCV  
  14  0:17  Supply Depot  
  14  0:24  SCV  
  15  0:39  SCV  
  15  0:40  Barracks  
  16  0:44  Refinery  
  16  0:51  SCV  
  17  1:03  SCV  
  18  1:15  SCV  
  19  1:28  Reaper  
  19  1:29  Orbital Command  
  20  1:43  Command Center  
  20  1:55  Barracks  
  20  2:08  Barracks Reactor  
  20  2:09  Supply Depot  
  20  2:10  SCV  
  21  2:21  Barracks  
  21  2:24  SCV  
  22  2:38  SCV  
  23  2:56  Orbital Command, Marine  
  23  2:58  Barracks Tech Lab  
  24  2:59  Marine  
  24  3:03  SCV  
  24  3:04  Engineering Bay  
  26  3:14  Marine  
  26  3:15  SCV  
  26  3:19  Barracks Tech Lab  
  28  3:21  SCV  
  28  3:22  Supply Depot  
  28  3:23  Marine  
  30  3:27  Stimpack, SCV  
  30  3:32  Terran Infantry Weapons Level 1  
  30  3:33  SCV  
  32  3:39  SCV  
  33  3:45  SCV, Marine x4  
  38  3:51  SCV  
  38  3:53  Supply Depot  
  38  3:55  Combat Shield  
  39  4:02  Marine  
  39  4:04  Marauder  
  39  4:09  Refinery  
  42  4:11  Marine, Refinery  
  42  4:12  Marine  
  44  4:20  Marine  
  45  4:25  Marine  
  45  4:27  SCV x2  
  45  4:29  Marine  
  45  4:30  Marauder  
  51  4:39  SCV x2  
  51  4:41  Marine  
  51  4:43  Marauder  
  56  4:47  Marine  
  56  4:48  Supply Depot, Factory  
  56  4:51  SCV  
  58  5:03  Marauder, Marine  
  58  5:05  Marauder  
  62  5:18  Command Center  
  62  5:24  Marauder  
  63  5:36  Marauder, Marine  
  63  5:37  Factory Reactor  
  63  5:41  Concussive Shells  
  63  5:42  Starport  
  66  5:45  Terran Infantry Armor Level 1  
  66  5:46  Marauder  
  68  5:54  SCV, Supply Depot  
  69  5:57  Missile Turret  
  69  5:59  Missile Turret  
  69  6:11  SCV  
  70  6:12  Supply Depot, Marauder  
  70  6:15  SCV  
  70  6:16  Marauder  
  73  6:23  SCV  
  74  6:27  SCV  
  74  6:31  Factory Reactor  
  75  6:35  Barracks  
  75  6:36  Barracks  
  75  6:37  Marauder  
  75  6:38  Armory  
  77  6:40  Orbital Command  
  77  6:42  SCV x2  
  79  6:50  Medivac x2  
  79  6:53  Missile Turret  
  83  6:54  SCV x2  
  83  6:56  Marauder  
  83  6:59  Supply Depot  
  87  7:02  Supply Depot  
  87  7:05  Marauder, Marine  
  87  7:07  SCV  
  91  7:08  Marine  
  91  7:11  Widow Mine  
  94  7:18  Marauder, Refinery  
  94  7:21  Refinery  
  98  7:23  Marine, Widow Mine  
  98  7:25  Barracks Tech Lab x2  
  98  7:26  Marauder, Marine  
  102  7:31  SCV  
  102  7:32  SCV x2  
  105  7:39  Terran Infantry Weapons Level 2  
  105  7:59  Medivac x2, Marine x2, Marauder  
  105  8:00  Marauder, Marine x2  
  105  8:01  Missile Turret  
  117  8:17  Supply Depot  
  117  8:19  Supply Depot  
  117  8:21  Refinery  
  117  8:24  Starport  
  117  8:27  SCV x2, Marauder, Marine x4  
  125  8:39  SCV, Widow Mine x2, Marine  
  125  8:41  Supply Depot  
  131  8:43  Supply Depot  
  131  8:45  Liberator x2, Marauder x2, Marine  
  136  8:49  Marauder  
  136  8:51  SCV x2, Marine  
  141  8:58  SCV  
  141  9:00  Marauder  
  145  9:03  SCV  
  145  9:04  SCV, Marine  
  145  9:05  Widow Mine  
  145  9:06  Marauder  
  145  9:07  Marauder  
  145  9:08  Marine  
  145  9:09  Marine  
  153  9:10  SCV, Widow Mine  
  157  9:22  Marine x2  
  144  9:26  Marine  
  144  9:27  Marine  
  144  9:28  Marauder x2  
  144  9:30  Supply Depot x2, Starport Reactor  
  150  9:32  Fusion Core  
  150  9:37  Widow Mine  
  152  9:39  Marine  
  152  9:40  Marauder  
  152  9:41  Liberator x2  
  152  9:44  Marine  
  154  9:46  Marauder  
  154  9:49  Marine  
  157  9:59  Marauder, Marine  
  166  10:01  Marine  
  166  10:02  Marine  
  166  10:06  SCV x3  
  166  10:07  Marine x2  
  171  10:11  Liberator  
  171  10:12  Liberator  
  170  10:16  Marine  
  170  10:19  Marauder  
  170  10:20  Marine x2  
  152  10:29  Marine  
  152  10:30  Marauder  
  152  10:34  Liberator, Marine  
  162  10:37  Marine  
  162  10:38  Marine  
  164  10:50  Marauder, Marine  
  164  10:51  Marine  
  164  10:52  Marine  
  164  10:55  Marine  
  157  11:08  Marauder, Marine x2  
  112  11:26  Command Center  
  112  11:32  Marauder x2  
  116  11:34  Viking  
  116  11:35  Viking, Marine  
  116  11:36  Marauder  
  123  11:50  Barracks  
  123  11:52  Advanced Ballistics  
  123  11:54  Barracks, Command Center  
  121  12:39  Planetary Fortress  
  121  12:44  Refinery  
  121  12:45  Refinery  
  117  13:01  Marauder x3, Marine x3  
Show
View Real Time Build Order
Export as new Build Order

Legol Protoss - Winner!

Build Orders:  

Get SALT Encoding   

  12  0:01  Probe  
  13  0:13  Probe  
  14  0:21  Pylon  
  14  0:25  Probe  
  15  0:39  Probe (Chrono Boost)  
  15  0:40  Gateway  
  17  0:50  Assimilator  
  17  0:51  Probe (Chrono Boost)  
  17  0:56  Probe (Chrono Boost)  
  18  1:05  Probe  
  19  1:17  Probe  
  20  1:27  Cybernetics Core  
  20  1:29  Probe (Chrono Boost)  
  20  1:30  Pylon  
  21  1:42  Probe (Chrono Boost)  
  22  1:50  Probe (Chrono Boost)  
  23  1:59  Nexus  
  23  2:05  Assimilator  
  23  2:06  Probe  
  23  2:09  Warp Gate  
  23  2:11  Sentry  
  25  2:28  Pylon  
  23  2:55  Stalker  
  23  2:56  Probe (Chrono Boost)  
  26  3:08  Probe (Chrono Boost)  
  27  3:17  Gateway  
  27  3:32  Stalker  
  29  3:34  Probe  
  29  3:35  Probe  
  31  3:47  Probe (Chrono Boost)  
  33  3:52  Probe (Chrono Boost)  
  33  3:57  Probe (Chrono Boost)  
  33  4:02  Pylon  
  35  4:05  Probe x2 (Chrono Boost), Assimilator  
  35  4:08  Assimilator  
  36  4:12  Probe (Chrono Boost)  
  36  4:13  Twilight Council  
  36  4:14  Probe (Chrono Boost)  
  36  4:15  Stalker  
  40  4:24  Shield Battery  
  40  4:26  Pylon, Shield Battery  
  40  4:28  Probe (Chrono Boost)  
  42  4:33  Probe (Chrono Boost)  
  42  4:37  Stalker  
  42  4:38  Probe (Chrono Boost)  
  45  4:41  Probe (Chrono Boost)  
  46  4:47  Blink (Chrono Boost)  
  46  4:52  Stalker  
  48  5:03  Probe x2  
  48  5:05  Stalker  
  52  5:14  Gateway  
  52  5:15  Probe x2  
  54  5:25  Stalker  
  56  5:29  Stalker  
  56  5:32  Probe  
  56  5:33  Probe  
  60  5:37  Gateway  
  60  5:43  Pylon  
  60  5:44  Probe  
  61  5:52  Robotics Facility  
  61  5:54  Stalker, Pylon  
  63  6:03  Probe x2  
  65  6:11  Stalker x2  
  69  6:27  Stalker  
  69  6:31  Nexus  
  69  6:32  Pylon  
  71  6:36  Forge  
  71  6:44  Stalker x3  
  77  6:54  Robotics Bay  
  77  6:59  Probe  
  77  7:00  Probe  
  79  7:01  Charge (Chrono Boost)  
  79  7:07  Robotics Facility  
  79  7:10  Zealot x2  
  79  7:11  Protoss Ground Weapons Level 1 (Chrono Boost)  
  79  7:12  Probe x2  
  79  7:13  Zealot  
  87  7:24  Probe x2  
  87  7:27  Pylon  
  89  7:30  Extended Thermal Lance (Chrono Boost)  
  89  7:37  Probe x2  
  91  7:45  Colossus (Chrono Boost)  
  91  7:47  Zealot  
  101  7:52  Probe (Chrono Boost)  
  101  7:53  Probe x2 (Chrono Boost)  
  102  8:03  Colossus (Chrono Boost), Probe (Chrono Boost)  
  102  8:05  Probe x2 (Chrono Boost)  
  111  8:09  Assimilator  
  111  8:13  Pylon, Assimilator  
  111  8:17  Pylon  
  111  8:24  Zealot x3  
  117  8:31  Pylon  
  117  8:36  Colossus (Chrono Boost)  
  123  8:46  Zealot x4  
  131  8:49  Probe x2  
  131  8:50  Probe  
  132  9:01  Probe x2  
  132  9:02  Probe  
  133  9:09  Photon Cannon  
  122  9:13  Photon Cannon  
  115  9:32  Probe (Chrono Boost)  
  112  9:41  Zealot  
  112  9:42  Probe (Chrono Boost), Zealot  
  117  9:46  Probe (Chrono Boost)  
  117  9:49  Gateway  
  117  9:52  Gateway  
  118  9:54  Colossus (Chrono Boost), Pylon  
  118  9:55  Pylon  
  118  9:56  Gateway  
  118  9:58  Probe  
  131  10:00  Colossus (Chrono Boost)  
  131  10:02  Sentry  
  133  10:12  Probe  
  133  10:13  Photon Cannon  
  132  10:26  Zealot  
  132  10:27  Zealot x3  
  128  10:41  Warp Prism (Chrono Boost)  
  130  10:46  Zealot  
  130  10:49  Stalker x2  
  136  10:50  Stalker x3  
  104  11:23  Zealot x2  
  104  11:24  Zealot x5  
  118  11:28  Colossus  
  118  11:29  Colossus  
  130  11:55  Zealot x5  
  140  12:07  Pylon  
  136  12:10  Pylon  
  136  12:12  Pylon  
  136  12:15  Nexus  
  130  12:18  Pylon  
  130  12:22  Pylon  
  130  12:24  Sentry x4  
  138  12:52  Zealot x2  
  138  12:53  Zealot x5  
Tags
 
League
Gold
Matchup
PvT
Spawn Locations
Cross Positions
Add a new tag
Caveats
  • Supply blocks, unpowered buildings, or Contaminate may cause inaccurate times.
  • Supply counts are checked every 10 seconds.